 Dungeon Crawl Stone Soup version 0.26-a0-1040-gbe3abf3417 (webtiles) character file.

Game seed: 16385547297559764852

8 Dracia the Sneak (level 2, 0/15 HPs)
             Began as a Kobold Enchanter on Dec 12, 2020.
             Slain by a hobgoblin
             ... wielding a +0 club
              (2 damage)
             ... on level 1 of the Dungeon.
             The game lasted 00:01:27 (166 turns).

Dracia the Sneak (Kobold Enchanter)                  Turns: 166, Time: 00:01:27

Health: 0/15       AC:  2    Str:  5    XL:     2   Next: 15%
Magic:  3/5        EV: 15    Int: 16    God:
Gold:   18         SH:  0    Dex: 15    Spells: 4/5 levels left

rFire    . . .     SeeInvis .   a - +1 dagger
rCold    . . .     Faith    .   (shield restricted)
rNeg     . . .     Spirit   .   b - +0 robe
rPois    .         Reflect  .   (no helmet)
rElec    .         Harm     .   (no cloak)
rCorr    .         Rampage  .   (no gloves)
Will     .....                  (no boots)
Stlth    ++++......             (no amulet)
HPRegen  0.05/turn              (no ring)
MPRegen  0.09/turn              (no ring)

@: no status effects
A: small, nightstalker 3
a: no special abilities


You were on level 1 of the Dungeon.
You visited 1 branch of the dungeon, and saw 1 of its levels.

You collected 18 gold pieces.


Innate Abilities, Weirdness & Mutations

You are small and have problems with some larger weapons.
You are completely attuned to the shadows.


   Skills:
 + Level 2.0 Short Blades
 - Level 2.4 Dodging
 - Level 4.2 Stealth
 - Level 2.1 Spellcasting
 + Level 3.2 Hexes


You had 4 spell levels left.
You knew the following spells:

 Your Spells              Type           Power        Failure   Level
z - Corona                Hex            ##.....      5%          1

Your spell library contained the following spells:

 Spells                   Type           Power        Failure   Level
 Ensorcelled Hibernation  Hex/Ice        #.....       16%         2
 Confusing Touch          Hex            ##......     16%         3
 Tukima's Dance           Hex            ##......     16%         3
 Dazzling Flash           Conj/Hex       #.....       32%         3

Inventory:

Hand Weapons
 a - a +1 dagger (weapon)
Armour
 b - a +0 robe (worn)
Scrolls
 c - a scroll of enchant armour {unknown}
 d - a scroll of identify {unknown}
 f - a scroll of immolation {unknown}
Potions
 e - 2 potions of magic {unknown}
 g - a potion of heal wounds {unknown}

Dungeon Overview and Level Annotations

Branches:
Dungeon (1/15)

Altars:

#....##..............
#....##..............
#....................
#...............>....
#...##..........<....
#...##...............
#....................
#....................
#...@.##.............
#...g.##.............
#..........##........
#.......... #....##..
###....... ......##..
.........) ......
##.### #.


You could see a hobgoblin (corona).


Message History

Your Short Blades skill increases to level 2!
The hobgoblin shouts!
You see here a cursed -2 club.
You closely miss the hobgoblin. The hobgoblin hits you with a +0 club.
You closely miss the hobgoblin. The hobgoblin closely misses you.
You hit the hobgoblin.
The hobgoblin is moderately wounded.
The hobgoblin hits you with a +0 club.
* * * LOW HITPOINT WARNING * * *
You are too injured to fight recklessly!
You are too injured to fight recklessly!
You barely miss the hobgoblin.
The hobgoblin is moderately wounded.
You closely miss the hobgoblin.
The hobgoblin is moderately wounded.
The hobgoblin misses you.
Casting: Corona (safe; 5% risk of failure)
Confirm with . or Enter, or press ? or * to list all spells.
Aiming: Corona (safe; 5% risk of failure)
Press: ? - help, Shift-Dir - straight line, f - hobgoblin
Aim: a hobgoblin, wielding a +0 club (moderately wounded, chance to affect: 66%)
The hobgoblin is outlined in light.
The hobgoblin hits you with a +0 club.
* * * LOW HITPOINT WARNING * * *
Casting: Corona (safe; 5% risk of failure)
Confirm with . or Enter, or press ? or * to list all spells.
Aiming: Corona (safe; 5% risk of failure)
Press: ? - help, Shift-Dir - straight line, f/p - hobgoblin
Aim: a hobgoblin, wielding a +0 club (moderately wounded, softly glowing, chance to affect: 66%)
The hobgoblin barely resists.
The hobgoblin hits you with a +0 club.
You die...

Skill      XL: |  1  2 |
---------------+-------+-----
Short Blades   | 2 |  2.0
Dodging        | |  2.4
Stealth        | |  4.2
Spellcasting   | |  2.1
Hexes          | |  3.2

Action                   || total
-------------------------++-------
Melee: Dagger            ||    26
 Cast: Corona            ||     2
 Stab: Sleeping          ||     6
Armor: Robe              ||     6
Dodge: Dodged            ||    23

Levels and vault maps discovered:
D:1:      dpeg_arrival_stonehenge_12_columns, layout_basic

Notes
Turn   | Place    | Note
-------+----------+-------------------------------------------
     0 | D:1      | Dracia the Kobold Enchanter began the quest for the Orb.
     0 | D:1      | Reached XP level 1. HP: 10/10 MP: 3/3
   117 | D:1      | Reached XP level 2. HP: 15/15 MP: 5/5
   159 | D:1      | Reached skill level 2 in Short Blades
   166 | D:1      | Slain by a hobgoblin

Vanquished Creatures
  2 bats (D:1)
  2 goblins (D:1)
  A hobgoblin (D:1)
  2 kobolds (D:1)
  A rat (D:1)
8 creatures vanquished.

Table legend: (Time is in decaauts)
 A = Elapsed time spent in this place.
 B = Non-inter-level travel time spent in this place.
 C = Inter-level travel time spent in this place.
 D = Time resting spent in this place.
 E = Time spent auto-exploring this place.
 F = Levels seen in this place.
 G = Mean time per level.
                   A        B        C        D        E       F      G
               +--------+--------+--------+--------+--------+-----+--------+
         Total |    164 |    160 |      4 |      0 |     92 |   1 |  164.0 |
       Dungeon |    164 |    160 |      4 |      0 |     92 |   1 |  164.0 |
               +--------+--------+--------+--------+--------+-----+--------+

Top non-repeatable levels by time:
     D:1: 164 daAuts

Table legend:
 A = Non-vault XP
 B = Vault XP
 C = Vault XP percentage of total XP
 D = Non-vault monster count
 E = Vault monster count
 F = Vault count percentage of total count
                 A         B        C        D         E       F
            +---------+---------+-------+---------+---------+-------
      Total |      12 |       0 |   0.0 |       8 |       0 |   0.0
            +---------+---------+-------+---------+---------+-------
        D:1 |      12 |       0 |   0.0 |       8 |       0 |   0.0
            +---------+---------+-------+---------+---------+-------
